 Dungeon Crawl Stone Soup version 0.29-a0-340-g6efceafd81 (webtiles) character file.

Game seed: 16258490141404181901

81067 zishaf the Alchemist (level 15, -3/91 HPs)
             Began as a Felid Summoner on Apr 19, 2022.
             Was a High Priest of Sif Muna.
             Shot with a bolt by Vashnia (19 damage)
             ... on level 3 of the Snake Pit.
             The game lasted 02:40:26 (50600 turns).

zishaf the Alchemist (Felid Summoner)              Turns: 50600, Time: 02:40:28

Health: -3/91      AC: 31    Str:  4    XL:     15   Next: 25%
Magic:  0/26       EV: 24    Int: 24    God:    Sif Muna [*****.]
Gold:   2600       SH:  0    Dex: 17    Spells: 3/28 levels left
                                        Lives:  0   Deaths: 3

rFire   + . .      SeeInvis +     - Unarmed
rCold   . . .      Faith    .   (shield unavailable)
rNeg    + . .      Spirit   +   (body armour unavailable)
rPois   ∞          Reflect  .   (helmet unavailable)
rElec   +          Harm     .   (cloak unavailable)
rCorr   .          Rampage  .   (gloves unavailable)
Will    ++...                   (boots unavailable)
Stlth   +++.......              m - amulet of guardian spirit
HPRegen 0.25/turn               n - ring of protection from fire
MPRegen 0.20/turn               L - +4 ring of protection

@: statue-form, forested, very slow
A: slow and powerful, torment resistance 1, boosted hp, very small, claws 1,
fangs 3, see invisible, (speed 1), (shaggy fur 3), stealthy paws, no weapons or
thrown items, no armour, multi-lived, (iridescent scales 1)
a: End Transformation, Renounce Religion, Channel Magic, Forget Spell, Divine
Exegesis


You were on level 3 of the Snake Pit.
You worshipped Sif Muna.
Sif Muna was extremely pleased with you.
You were a living statue of rough stone.
You visited 7 branches of the dungeon, and saw 31 of its levels.
You also visited: Gauntlet and Volcano.

You collected 2936 gold pieces.
You spent 336 gold pieces at shops.

Inventory:

Jewellery
 k - a +4 ring of evasion
 m - an amulet of guardian spirit (around neck)
 n - a ring of protection from fire (left paw)
 r - a ring of wizardry
 u - a +6 ring of intelligence
 x - a ring of magical power
 y - a ring of protection from fire
 z - the ring "Ugestia" {Will+ rCorr Int+2}
   (You took it off a gnoll on level 9 of the Dungeon)

   [ring of willpower]

   Int:       It affects your intelligence (+2).
   rCorr:     It protects you from acid and corrosion.
   Will:      It increases your willpower.
 C - a ring of willpower
 G - a ring of positive energy
 H - an amulet of regeneration
 I - a ring of fire
 L - a +4 ring of protection (right paw)
 M - a ring of willpower
 V - a ring of willpower
 W - a ring of poison resistance
 Y - a ring of resist corrosion
Wands
 e - a wand of polymorph (38)
 g - a wand of flame (27)
 o - a wand of iceblast (6)
 s - a wand of paralysis (5)
 R - a wand of digging (15)
 X - a wand of charming (4)
Scrolls
 d - 10 scrolls of teleportation
 f - 2 scrolls of holy word
 h - 5 scrolls of summoning
 j - 4 scrolls of magic mapping
 l - a scroll of torment
 E - 3 scrolls of silence
 F - 4 scrolls of amnesia
 N - a scroll of fear
 U - 2 scrolls of blinking
Potions
 a - 3 potions of magic
 b - 4 potions of flight
 c - 6 potions of mutation
 i - 13 potions of curing
 p - 2 potions of cancellation
 q - 3 potions of brilliance
 t - 5 potions of lignification
 v - 10 potions of haste
 w - 2 potions of heal wounds
 B - 3 potions of might
 J - 7 potions of ambrosia
 K - a potion of berserk rage
 S - a potion of invisibility
 T - 2 potions of resistance
Miscellaneous
 A - a box of beasts (inert)
 D - a tin of tremorstones (inert)
 O - a lightning rod (inert)
 P - a phial of floods (inert)
 Q - a condenser vane (inert)


   Skills:
 + Level 10.5 Fighting
 + Level 10.3 Dodging
 - Level 5.0 Stealth
 + Level 2.9 Unarmed Combat
 + Level 7.2 Spellcasting
 - Level 15.0 Summonings
 - Level 10.0 Translocations
 + Level 16.8 Transmutations
 - Level 6.0 Air Magic
 + Level 9.4 Earth Magic
 - Level 9.2 Invocations
 - Level 6.6 Evocations


You had 3 spell levels left.
You knew the following spells:

 Your Spells              Type           Power      Damage    Failure   Level
a - Teleport Other        Tloc           54%        N/A       1%          3
c - Statue Form           Tmut/Erth      42%        N/A       4%          6
z - Blink                 Tloc           100%       N/A       1%          2
A - Summon Lightning Spi  Summ/Air       56%        N/A       1%          4
B - Call Canine Familiar  Summ           69%        N/A       1%          3
C - Call Imp              Summ           69%        N/A       1%          2
D - Summon Forest         Summ/Tloc      31%        N/A       1%          5

Your spell library contained the following spells:

 Spells                   Type           Power      Damage    Failure   Level
 Summon Small Mammal      Summ           100%       N/A       0%          1
 Wereblood                Tmut           74%        N/A       0%          2
 Apportation              Tloc           100%       N/A       1%          1
 Sting                    Tmut/Pois      100%       1d8       1%          1
 Passwall                 Tmut/Erth      53%        N/A       1%          2
 Gell's Gravitas          Tloc           54%        N/A       1%          3
 Ignite Poison            Fire/Tmut/Pois 35%        N/A       1%          3
 Summon Guardian Golem    Hex/Summ       44%        N/A       1%          3
 Poisonous Vapours        Pois/Air       46%        N/A       3%          2
 Static Discharge         Conj/Air       23%        N/A       3%          2
 Stone Arrow              Conj/Erth      62%        3d10      3%          3
 Magic Dart               Conj           32%        1d4       7%          1
 Slow                     Hex            32%        N/A       7%          1
 Mephitic Cloud           Conj/Pois/Air  18%        N/A       10%         3
 Scorch                   Fire           16%        2d5       11%         2
 Confusing Touch          Hex            8%         N/A       22%         3
 Dazzling Flash           Conj/Hex       16%        N/A       22%         3
 Ozocubu's Armour         Ice            8%         N/A       22%         3
 Tukima's Dance           Hex            8%         N/A       22%         3
 Vampiric Draining        Necr           8%         2d6       22%         3
 Passage of Golubria      Tloc           54%        N/A       1%          4
 Petrify                  Tmut/Erth      64%        N/A       1%          4
 Blade Hands              Tmut           37%        N/A       1%          5
 Ice Form                 Ice/Tmut       49%        N/A       2%          4
 Airstrike                Air            18%        N/A       6%          4
 Alistair's Intoxication  Tmut/Pois      32%        N/A       6%          5
 Irradiate                Conj/Tmut      24%        3d21      6%          5
 Yara's Violent Unravell  Hex/Tmut       24%        3d11      6%          5
 Dragon Form              Tmut           37%        N/A       6%          7
 Iskenderun's Mystic Bla  Conj/Tloc      32%        2d8       9%          4
 Dispersal                Tloc           27%        N/A       19%         6
 Borgnjor's Vile Clutch   Necr/Erth      15%        N/A       28%         5
 Eringya's Noxious Bog    Tmut/Pois      24%        N/A       34%         6
 Malign Gateway           Summ/Tloc      31%        N/A       34%         7
 Lightning Bolt           Conj/Air       11%        1d24      50%         5
 Silence                  Hex/Air        11%        N/A       50%         5
 Animate Dead             Necr           4%         N/A       56%         4
 Olgreb's Toxic Radiance  Pois           8%         N/A       56%         4
 Freezing Cloud           Conj/Ice/Air   9%         6-21      65%         5
 Summon Horrible Things   Summ           34%        N/A       69%         8
 Metabolic Englaciation   Hex/Ice        4%         N/A       89%         5
 Haunt                    Necr/Summ      22%        N/A       95%         7
 Spellforged Servitor     Conj/Summ      22%        N/A       95%         7
 Starburst                Conj/Fire      4%         6d3       100%        6
 Orb of Destruction       Conj           4%         9d5       100%        7
 Ozocubu's Refrigeration  Ice            4%         4d5       100%        7
 Ignition                 Fire           4%         3d4       100%        8
 Infestation              Necr           4%         N/A       100%        8
 Chain Lightning          Conj/Air       11%        3d15      100%        9
 Fire Storm               Conj/Fire      4%         8d1       100%        9
 Shatter                  Erth           26%        3d22*     100%        9


Dungeon Overview and Level Annotations

Branches:
Dungeon (15/15)            Temple (1/1) D:6            Lair (6/6) D:11
  Swamp (3/4) Lair:2        Snake (3/4) Lair:4        Slime (0/5) Lair:5
    Orc (2/2) D:12            Elf (0/3) Orc:2        Vaults (0/5) D:14
 Depths (1/4) D:15        Volcano (visited)         Gauntlet (visited)

Altars:
Ashenzari
Cheibriados
Dithmenos
Elyvilon
Fedhas
Gozag
Hepliaklqana
Kikubaaqudgha
Makhleb
Nemelex Xobeh
Okawaru
Qazlal
Ru
Sif Muna
Trog
Uskayaw
Vehumet
Wu Jian
Xom
Yredelemnul
Zin
The Shining One
Beogh

Shops:
D:6 **   Orc:2 ??(?

Annotations:
Snake:3 Vashnia


Innate Abilities, Weirdness & Mutations

You are a living statue of rough stone.
Your actions are slow, but your melee attacks are powerful.
You are resistant to unholy torment.
Your maximum health is greatly increased.
You are immune to poison.
You have sharp claws.
You have razor-sharp teeth.
You have supernaturally acute eyesight. (SInv)
((You cover ground quickly. (Speed+)))
((Your thick and shaggy fur keeps you warm. (AC +3, rC+)))
Your paws help you pounce on unaware monsters.
You are incapable of wielding weapons or throwing items.
You cannot wear armour.
You gain extra lives every three experience levels.
((You are partially covered in iridescent scales. (AC +2)))


Message History

A root smacks Vashnia from below!
Trunks creak and shift.
A root smacks Vashnia from below!
Your snaplasher vine completely misses Vashnia.
Your snaplasher vine hits Vashnia.
Vashnia shoots a bolt.
The bolt hits your dryad!! The bolt freezes your dryad.
Your dryad dies!
Your dryad's corpse disappears in a puff of smoke!
The forest abruptly stops moving.
The vine falls limply to the ground.
Your lightning spire shoots out a bolt of lightning at Vashnia!
The bolt of electricity hits Vashnia!
Aiming: Paralyse
Press: ? - help, Shift-Dir - straight line, f - Vashnia
Aim: Vashnia, wielding a +2 arbalest of freezing and wearing a +1 barding of stealth (heavily wounded, not watching you, catching her breath, ally target, chance to affect: 1%)
Okay, then.
Aiming: Thunderbolt
Press: ? - help, Shift-Dir - straight line, f - Vashnia
Aim: Vashnia, wielding a +2 arbalest of freezing and wearing a +1 barding of stealth (heavily wounded, not watching you, catching her breath, ally target)
The thunderbolt hits Vashnia.
Vashnia is heavily wounded.
Your lightning spire disappears in a puff of smoke!
Vashnia shoots a bolt.
The bolt hits you. The bolt freezes you.
Vashnia shoots a bolt.
The bolt hits you. The bolt freezes you.
Aiming: Thunderbolt
Press: ? - help, Shift-Dir - straight line, f/p - Vashnia
Aim: Vashnia, wielding a +2 arbalest of freezing and wearing a +1 barding of stealth (heavily wounded)
The thunderbolt hits Vashnia!!
Vashnia is severely wounded.
You hear an angry hiss.
Vashnia shoots a bolt.
The bolt hits you!!
* * * LOW HITPOINT WARNING * * *
The bolt freezes you!
* * * LOW HITPOINT WARNING * * *
Aiming: Thunderbolt
Press: ? - help, Shift-Dir - straight line, f/p - Vashnia
Aim: Vashnia, wielding a +2 arbalest of freezing and wearing a +1 barding of stealth (severely wounded)
The thunderbolt hits Vashnia!!
Vashnia is almost dead.
The lightning rod overheats!
Vashnia shoots a bolt.
The bolt hits you!!
You die...

.## ##..# #..
##.....# ..
....>..♣ ♣#.
.......
..###.)#♣)...#
#....[♣)─)..♣
♣...N).)..#
...#.#.♣h♣.♣#
#.....[8....#
##.#.#.#.♣.♣#
♣.........♣
#.♣.#.♣.#.♣#
♣..........♣
#.#.#.#.# #♣
#.........
♣..# ♣.♣.#


You could see Vashnia (ally target) and a friendly warg (summoned).

Vanquished Creatures
  A fenstrider witch (Swamp:2)
  A hydra (D:15)
  A naga warrior (Snake:1)
  A centaur warrior (D:15)
  An alligator (Swamp:3)
  5 naga sharpshooters
  Amaemon (Lair:2)
  A skeletal warrior (D:15)
  A naga ritualist (Snake:2)
  2 mana vipers (Snake:2)
  8 black mambas
  Maggie (D:6)
  An unseen horror (D:11)
  2 trolls
  2 fire elementals (Volcano)
  2 yaks
  A fire bat (Orc:1)
  A swamp drake (Swamp:1)
  An orc warrior (Orc:2)
  A boggart (D:9)
  3 centaurs
  A phantom (D:6)
  A bullfrog (Lair:1)
  3 killer bees
  5 electric eels
  A howler monkey (D:4)
  A jelly (Lair:5)
  A gnoll shaman (D:4)
  An orc priest (Orc:1)
  2 iguanas
  2 orc wizards
  A shadow imp (D:5)
  An adder zombie (D:3)
  A worm (D:2)
  A dart slug (D:1)
  6 orcs
  4 endoplasms
  A giant cockroach (D:1)
  4 goblins
  2 hobgoblins
  5 jackals
  3 quokkas (D:1)
  A ball python (D:3)
  2 bats
  4 frilled lizards
  A giant cockroach zombie (D:3)
  2 kobolds (D:1)
  2 rats
97 creatures vanquished.

Vanquished Creatures (collateral kills)
  A tentacled monstrosity (Swamp:1)
  Rupert (D:14)
  Jorgrun (D:14)
  A fire giant (D:15)
  A stone giant (Volcano)
  An eleionoma (Swamp:3)
  3 bunyips
  2 minotaurs
  Josephine (Lair:6)
  The ghost of Fiha the Thaumaturge, a journeyman VSTm of Dithmenos (Lair:4)
  2 shambling mangroves (Swamp:3)
  A fire dragon (Lair:6)
  A rakshasa (D:15)
  12 hydras
  Harold (D:11)
  An ogre mage (D:12)
  A vault guard (D:15)
  2 ghost crabs
  5 boulder beetles
  3 anacondas (Snake:1)
  3 centaur warriors
  A catoblepas (D:13)
  6 death yaks
  A naga warrior (Snake:1)
  2 death knights
  5 two-headed ogres
  A tengu warrior (D:14)
  8 alligators
  A death scarab (Gauntlet)
  3 naga sharpshooters
  2 shock serpents
  6 skeletal warriors
  2 fire crabs
  A spectral death yak (Gauntlet)
  2 bunyip zombies (Swamp:3)
  2 spriggan druids
  3 mana vipers
  2 naga ritualists
  A necromancer (Swamp:3)
  3 will-o-the-wisps
  3 orc knights
  3 deep elf pyromancers
  10 ugly things
  9 cyclopes
  7 manticores
  2 salamanders (Snake:1)
  22 elephants
  2 naga magi (Snake:1)
  A guardian serpent (Snake:1)
  10 black mambas
  An unseen horror (shapeshifter) (D:9)
  A gargoyle (D:12)
  18 cane toads
  An orange demon (Lair:2)
  A kobold demonologist (D:14)
  2 molten gargoyles (Lair:6)
  An unseen horror (D:10)
  A rime drake (Lair:5)
  2 minotaur zombies (Gauntlet)
  2 tengu conjurers (D:14)
  2 efreet
  8 komodo dragons
  A hydra zombie (Swamp:3)
  3 meliai (D:14)
  5 tyrant leeches
  6 polar bears
  11 blink frogs
  A queen bee (D:14)
  9 trolls
  9 hornets
  4 slime creatures
  An alligator zombie (Swamp:3)
  9 wraiths
  8 spriggans
  2 fire bats (Orc:1)
  4 shadows
  41 yaks
  2 vampires
  8 wyverns
  2 fire elementals (Volcano)
  11 basilisks
  3 steam dragons
  5 wargs (Orc:1)
  Menkaure (D:7)
  7 swamp worms
  15 vampire mosquitoes
  Edmund (D:4)
  A hydra simulacrum (Swamp:3)
  An acid dragon (D:11)
  9 nagas
  Duvessa (D:5)
  4 hell hounds (Lair:6)
  2 nameless horrors
  18 water moccasins
  29 orc warriors
  A sky beast (shapeshifter) (D:12)
  4 swamp drakes
  3 ice beasts
  A sky beast (D:6)
  8 wolves
  11 centaurs
  4 ogres
  A kobold brigand (D:8)
  9 bullfrogs
  An earth elemental (Volcano)
  5 scorpions
  5 wights (D:7)
  Dowan (D:5)
  48 killer bees
  An electric eel (Lair:2)
  A howler monkey (D:11)
  5 lava snakes (Lair:6)
  3 hounds
  13 orc priests
  2 jellies
  3 gnoll shamans
  3 iguanas
  A scorpion zombie (D:3)
  14 orc wizards
  A mummy (D:5)
  Robin (D:4)
  12 gnolls
  8 adders
  A white imp (D:6)
  An ufetubus (D:6)
  A worm (D:2)
  A dart slug (D:3)
  55 orcs
  A ball python (D:1)
  5 endoplasms
  14 goblins
  10 hobgoblins
  4 jackals
  7 kobolds
  2 quokkas
  3 frilled lizards
  2 rats (D:2)
717 creatures vanquished.

Vanquished Creatures (others)
  Erica (D:11)
  A wraith (Lair:6)
  A wyvern (Lair:6)
  A swamp worm (Swamp:1)
  An orc wizard (Orc:2)
  4 bushes (Lair:6)
  12 foxfires (Swamp:2)
  58 fungi
  68 plants
  20 snaplasher vines
167 creatures vanquished.

Grand Total: 981 creatures vanquished

Notes
Turn   | Place    | Note
-------+----------+-------------------------------------------
     0 | D:1      | zishaf the Felid Summoner began the quest for the Orb.
     0 | D:1      | Reached XP level 1. HP: 7/7 MP: 4/4
   740 | D:1      | Reached XP level 2. HP: 12/12 MP: 6/6
   773 | D:1      | Learned a level 2 spell: Call Imp
  1131 | D:1      | Reached skill level 1 in Fighting
  1206 | D:1      | Reached XP level 3. HP: 15/15 MP: 7/7
  1506 | D:2      | Reached skill level 1 in Unarmed Combat
  1682 | D:2      | Learned a level 3 spell: Call Canine Familiar
  1830 | D:2      | Identified the +5 scale mail "Vucoatyr" {Rampage Will+
                  | Int+2}
  1843 | D:2      | Reached XP level 4. HP: 16/19 MP: 8/8
  2355 | D:3      | Reached XP level 5. HP: 13/22 MP: 7/9
  2882 | D:3      | Found a faded altar of an unknown god.
  3263 | D:3      | Found a basalt altar of Yredelemnul.
  3289 | D:3      | Gained mutation: You are covered in thick fur. (AC +2)
                  | [Felid growth]
  3289 | D:3      | Reached XP level 6. HP: 18/27 MP: 3/10
  3847 | D:3      | Learned a level 4 spell: Summon Lightning Spire
  3892 | D:4      | Reached skill level 5 in Stealth
  3950 | D:4      | Reached skill level 5 in Summonings
  4034 | D:4      | Reached skill level 5 in Dodging
  4034 | D:4      | Reached skill level 1 in Air Magic
  4258 | D:4      | Reached XP level 7. HP: 24/31 MP: 3/12
  4336 | D:4      | Noticed Robin
  4359 | D:4      | Killed Robin
  4689 | D:5      | Entered Level 5 of the Dungeon
  4758 | D:5      | Found a snail-covered altar of Cheibriados.
  5072 | D:5      | HP: 1/31 [poisoned by a scorpion]
  5384 | D:5      | Noticed Edmund
  5620 | D:4      | Killed Edmund
  5789 | D:5      | Reached XP level 8. HP: 31/36 MP: 5/13
  6159 | D:5      | Noticed Duvessa
  6488 | D:5      | Noticed Dowan
  7132 | D:6      | Noticed Maggie
  7349 | D:6      | Slain by a wyvern
  7350 | D:6      | Reached XP level 7. HP: -1/33 MP: 0/12
  7375 | D:6      | Found Icuf's Specific Store.
  7376 | D:6      | Found Somanua's General Store.
  7590 | D:6      | Killed a wyvern
  7591 | D:6      | Reached skill level 5 in Fighting
  7807 | D:6      | Killed Maggie
  7808 | D:6      | Reached XP level 8. HP: 7/37 MP: 1/13
  8662 | D:6      | Found a staircase to the Ecumenical Temple.
  8684 | Temple   | Entered the Ecumenical Temple
  8805 | Temple   | Became a worshipper of Sif Muna the Loreminder
  9518 | D:7      | Reached skill level 1 in Invocations
  9743 | D:7      | Noticed Menkaure
  9748 | D:7      | Killed Menkaure
 10206 | D:7      | Noticed a nameless horror
 10239 | D:7      | Killed a nameless horror
 10384 | D:7      | Reached XP level 9. HP: 41/41 MP: 6/14
 10558 | D:7      | Reached * piety under Sif Muna
 10559 | D:7      | Reached skill level 5 in Air Magic
 10994 | D:8      | Noticed a two-headed ogre
 11109 | D:8      | Killed a two-headed ogre
 11654 | D:8      | Found a sacrificial altar of Ru.
 12105 | D:9      | Noticed a wind drake
 12109 | D:9      | Noticed a cyclops
 12142 | D:9      | Noticed an unseen horror
 12142 | D:9      | a wind drake changed into an unseen horror
 12148 | D:9      | Noticed a cane toad
 12148 | D:9      | an unseen horror changed into a cane toad
 12167 | D:9      | Noticed an unseen horror
 12167 | D:9      | a cane toad changed into an unseen horror
 12178 | D:9      | Killed an unseen horror
 12179 | D:9      | Reached XP level 10. HP: 22/47 MP: 3/16
 12409 | D:9      | Reached ** piety under Sif Muna
 12410 | D:9      | Reached skill level 10 in Summonings
 12413 | D:9      | Identified the ring "Ugestia" {Will+ rCorr Int+2}
 12526 | D:9      | Found a white marble altar of Elyvilon.
 12783 | D:9      | Killed a cyclops
 13054 | D:9      | Noticed a two-headed ogre
 13490 | D:9      | Found a blossoming altar of Fedhas.
 13597 | D:10     | Entered Level 10 of the Dungeon
 13731 | D:10     | Identified the +1 pair of boots of Gocziawn {rPois rF++
                  | rCorr Dex-2}
 13848 | D:10     | Reached skill level 1 in Evocations
 13854 | D:10     | Reached skill level 5 in Invocations
 14478 | D:11     | Noticed a skeletal warrior
 14496 | D:11     | Killed a skeletal warrior
 14500 | D:11     | Noticed a skeletal warrior
 14521 | D:11     | Killed a skeletal warrior
 14522 | D:11     | Reached XP level 11. HP: 51/51 MP: 1/18
 14642 | D:11     | Noticed a boulder beetle
 14663 | D:11     | Killed a boulder beetle
 14747 | D:11     | Found a staircase to the Lair.
 15362 | D:11     | Reached *** piety under Sif Muna
 15717 | D:11     | Noticed a death knight
 15858 | D:10     | HP: 2/52 [poisoned by a killer bee]
 16187 | D:11     | Killed a death knight
 16317 | D:11     | Noticed Erica
 16364 | D:11     | Killed Erica
 16365 | D:11     | Reached skill level 5 in Evocations
 16508 | D:11     | Noticed Harold
 16522 | D:11     | Killed Harold
 16796 | D:11     | Noticed a four-headed hydra
 16810 | D:11     | Killed a four-headed hydra
 17010 | Lair:1   | Entered Level 1 of the Lair of Beasts
 17024 | Lair:1   | Gained mutation: Your thick and shaggy fur keeps you warm.
                  | (AC +3, rC+) [Felid growth]
 17024 | Lair:1   | Reached XP level 12. HP: 57/57 MP: 10/19
 17942 | Lair:1   | You fall into a shaft and drop 1 floor!
 18684 | Lair:2   | Noticed a boulder beetle
 18789 | Lair:2   | Noticed a seven-headed hydra
 18789 | Lair:2   | Noticed Amaemon
 19680 | Lair:2   | Killed Amaemon
 19681 | Lair:2   | Reached skill level 10 in Fighting
 20039 | Lair:2   | Killed a boulder beetle
 20099 | Lair:2   | Found a staircase to the Swamp.
 20210 | Lair:2   | Killed a seven-headed hydra
 20210 | Lair:2   | Reached **** piety under Sif Muna
 21350 | Lair:3   | Learned a level 6 spell: Statue Form
 21386 | Lair:3   | Noticed a boulder beetle
 21410 | Lair:3   | Killed a boulder beetle
 21612 | Lair:3   | Noticed a death yak
 21631 | Lair:3   | Noticed a death yak
 21642 | Lair:3   | Noticed a death yak
 21668 | Lair:3   | Killed a death yak
 21695 | Lair:3   | Killed a death yak
 21696 | Lair:3   | Reached skill level 1 in Transmutations
 21703 | Lair:3   | Killed a death yak
 21871 | Lair:3   | Reached skill level 1 in Earth Magic
 22038 | Lair:3   | Reached XP level 13. HP: 61/61 MP: 13/20
 22363 | Lair:4   | Found a staircase to the Snake Pit.
 22527 | Lair:4   | Noticed Fiha's ghost (journeyman VSTm)
 22744 | Lair:4   | Found a runed translucent gate.
 22744 | Lair:4   | Found a runed translucent gate.
 22744 | Lair:4   | Found a runed translucent gate.
 22744 | Lair:4   | Noticed a minotaur
 23434 | Lair:4   | Reached skill level 2 in Transmutations
 23726 | D:5      | Killed Duvessa
 23730 | D:5      | Killed Dowan
 23790 | D:5      | Found a glowing golden altar of the Shining One.
 24066 | Lair:5   | Reached skill level 5 in Spellcasting
 24255 | Lair:5   | Reached skill level 3 in Transmutations
 24879 | Lair:5   | Reached skill level 4 in Transmutations
 25256 | Lair:5   | Found a staircase to the Slime Pits.
 25678 | Lair:6   | Entered Level 6 of the Lair of Beasts
 25717 | Lair:5   | Reached skill level 5 in Transmutations
 26214 | Lair:5   | HP: 1/61 [poisoned by a black mamba]
 26986 | Lair:6   | Reached ***** piety under Sif Muna
 26987 | Lair:6   | Reached skill level 6 in Transmutations
 27018 | Lair:6   | Reached skill level 5 in Earth Magic
 27404 | Lair:6   | Reached skill level 10 in Dodging
 27539 | Lair:6   | Reached skill level 7 in Transmutations
 27663 | Lair:6   | Reached XP level 14. HP: 66/66 MP: 14/22
 27700 | Lair:6   | Received a gift from Sif Muna
 27705 | Lair:6   | Got Sif Muna's Tome of Dislocation and the Volcanoes {god
                  | gift}
 27712 | Lair:6   | Learned a level 5 spell: Summon Forest
 27715 | Lair:6   | Learned a level 2 spell: Blink
 27792 | Lair:6   | Reached skill level 1 in Translocations
 27981 | Lair:6   | Reached skill level 8 in Transmutations
 28910 | Lair:6   | Found a large runed translucent door.
 28911 | Lair:6   | Found a large runed translucent door.
 28923 | Lair:6   | Noticed Josephine
 28930 | Lair:6   | Reached skill level 9 in Transmutations
 28933 | Lair:6   | Killed Josephine
 29803 | D:12     | Reached skill level 5 in Translocations
 29992 | D:12     | Found a runed translucent door.
 30330 | D:12     | Reached skill level 10 in Transmutations
 31164 | D:12     | Found a runed translucent door.
 31208 | D:12     | Found a staircase to the Orcish Mines.
 31243 | D:12     | Received a gift from Sif Muna
 31246 | D:12     | Got Onoirgh's Collected Works on Transmigration {god gift}
 31921 | D:13     | Found an iron altar of Okawaru.
 32458 | D:13     | Reached skill level 11 in Transmutations
 33120 | D:14     | Noticed Rupert
 33128 | D:14     | Killed Rupert
 33298 | D:14     | Found a gate leading to a gauntlet.
 33307 | Gauntlet | Entered a Gauntlet
 33307 | Gauntlet | Found a transporter.
 33428 | Gauntlet | Found a transporter.
 33432 | Gauntlet | Found a transporter.
 33438 | Gauntlet | Found a transporter.
 33448 | Gauntlet | Found a transporter.
 33448 | Gauntlet | Found a transporter.
 33453 | Gauntlet | Found a transporter.
 33453 | Gauntlet | Found a runed translucent door.
 33459 | Gauntlet | Found a transporter.
 33464 | Gauntlet | Found a transporter.
 33468 | Gauntlet | Found a transporter.
 33475 | Gauntlet | Found a transporter.
 33478 | Gauntlet | Found a transporter.
 33483 | Gauntlet | Found a transporter.
 33483 | Gauntlet | Found the +9 heavy crossbow "Sniper" {vorpal, Acc+∞ SInv}
 33492 | Gauntlet | Found a transporter.
 33583 | Gauntlet | Reached XP level 15. HP: 62/69 MP: 15/23
 34611 | D:14     | Reached skill level 12 in Transmutations
 35278 | D:14     | Noticed Jorgrun
 35290 | D:14     | Killed Jorgrun
 35595 | D:14     | Found a gate to the Vaults.
 35700 | D:14     | Found a stormy altar of Qazlal.
 35859 | Orc:1    | Entered Level 1 of the Orcish Mines
 35911 | Orc:1    | Received a gift from Sif Muna
 36026 | Orc:1    | Found a dark tunnel.
 36140 | Volcano  | Entered a volcano
 36946 | Orc:1    | Reached skill level 13 in Transmutations
 37506 | Orc:2    | Entered Level 2 of the Orcish Mines
 37803 | Orc:2    | Reached skill level 10 in Translocations
 38992 | Orc:2    | Found Deisuteo's Antique Weapon Emporium.
 38992 | Orc:2    | Found Amekk's Magic Scroll Boutique.
 38994 | Orc:2    | Found Hybaggace's Magic Scroll Shop.
 38996 | Orc:2    | Found Xitaqu's Magic Scroll Shoppe.
 39001 | Orc:2    | Bought a scroll of blinking for 90 gold pieces
 39001 | Orc:2    | Bought a scroll of blinking for 90 gold pieces
 39001 | Orc:2    | Bought a scroll of summoning for 114 gold pieces
 39001 | Orc:2    | Bought a scroll of magic mapping for 42 gold pieces
 39034 | Orc:2    | Found a staircase to the Elven Halls.
 39333 | Lair:4   | Killed Fiha's ghost
 39488 | D:15     | Entered Level 15 of the Dungeon
 39518 | D:15     | Found a staircase to the Depths.
 39518 | D:15     | Noticed a fire giant
 39887 | D:15     | Killed a fire giant
 39887 | D:15     | Received a gift from Sif Muna
 39890 | D:15     | Got Sif Muna's Collected Works on Weightlessness and the
                  | Mountains {god gift}
 39983 | D:15     | Learned a level 3 spell: Teleport Other
 41644 | Depths:1 | Entered Level 1 of the Depths
 41644 | Depths:1 | Noticed a frost giant
 42045 | Swamp:1  | Entered Level 1 of the Swamp
 42183 | Swamp:1  | Noticed a tentacled monstrosity
 42193 | Swamp:1  | Reached XP level 16. HP: 36/73 MP: 9/26
 42222 | Swamp:1  | Killed a tentacled monstrosity
 42574 | Swamp:1  | Slain by a bunyip
 42575 | Swamp:1  | Reached XP level 15. HP: 0/67 MP: 0/25
 43239 | Swamp:2  | Reached skill level 15 in Summonings
 43253 | Swamp:2  | Reached skill level 14 in Transmutations
 43685 | Swamp:2  | Noticed a fenstrider witch
 43698 | Swamp:2  | Killed a fenstrider witch
 44786 | Swamp:3  | Reached skill level 15 in Transmutations
 44958 | Swamp:3  | Slain by a bunyip zombie
 44959 | Swamp:3  | Reached XP level 14. HP: -2/66 MP: 0/24
 45691 | Swamp:3  | Received a gift from Sif Muna
 45809 | Swamp:3  | Reached skill level 16 in Transmutations
 46213 | Snake:1  | Entered Level 1 of the Snake Pit
 46246 | Snake:1  | HP: 2/66 [anaconda (9)]
 48527 | Snake:1  | Reached XP level 15. HP: 69/69 MP: 11/26
 48635 | Snake:1  | Gained mutation: You are clumsy. (Dex -2) [potion of
                  | mutation]
 48635 | Snake:1  | Gained mutation: You tend to lose your temper in combat.
                  | [potion of mutation]
 48635 | Snake:1  | Gained mutation: Your magical capacity is low. (-10% MP)
                  | [potion of mutation]
 48636 | Snake:1  | Lost mutation: You are clumsy. (Dex -2) [potion of
                  | mutation]
 48636 | Snake:1  | Lost mutation: You tend to lose your temper in combat.
                  | [potion of mutation]
 48636 | Snake:1  | Gained mutation: You occasionally shout uncontrollably at
                  | your foes. [potion of mutation]
 48636 | Snake:1  | Gained mutation: Your muscles are strong. (Str +2) [potion
                  | of mutation]
 48637 | Snake:1  | Lost mutation: Your magical capacity is low. (-10% MP)
                  | [potion of mutation]
 48637 | Snake:1  | Lost mutation: Your muscles are strong. (Str +2) [potion of
                  | mutation]
 48637 | Snake:1  | Lost mutation: You occasionally shout uncontrollably at
                  | your foes. [potion of mutation]
 48637 | Snake:1  | Gained mutation: You expend magic power (3 MP) to
                  | strengthen your wands. [potion of mutation]
 48637 | Snake:1  | Gained mutation: Your body sometimes deteriorates upon
                  | taking damage. [potion of mutation]
 48638 | Snake:1  | Lost mutation: You expend magic power (3 MP) to strengthen
                  | your wands. [potion of mutation]
 48638 | Snake:1  | Lost mutation: Your body sometimes deteriorates upon taking
                  | damage. [potion of mutation]
 48638 | Snake:1  | Gained mutation: You are partially covered in iridescent
                  | scales. (AC +2) [potion of mutation]
 49642 | Snake:3  | Noticed Vashnia
 50600 | Snake:3  | Shot with a bolt by Vashnia

Illustrated notes

Levels and vault maps discovered:
D:1:      lemuel_arrival_tunnels, layout_basic, minmay_ruptured
D:2:      layout_rooms
D:3:      cheibrodos_greedy_goblins, layout_loops_cross,
          nicolae_yredelemnul_corpse_copse, dreamdust_ecumenical_altar_statues
D:4:      layout_rooms, nicolae_elevator_lobby_plus, uniq_robin
D:5:      layout_gridville, slow_altar_2, tso_oasis_becter, uniq_duvessa,
          uniq_edmund
D:6:      minmay_skewed_foursquare, layout_rooms,
          minmay_temple_entry_drinking_statues, minmay_misc_feat_encased,
          nicolae_specific_store, nicolae_concentric_dashed_squares_mild,
          uniq_maggie
D:7:      layout_gridville, uniq_menkaure
D:8:      layout_rooms, nicolae_ru_sacrificial_ziggurat
D:9:      minmay_tri_box, layout_basic, kennysheep_mini, elyvilon_altar_3
D:10:     layout_roguey
D:11:     layout_irregular_city, minmay_lair_entry_grove, uniq_harold,
          uniq_erica
D:12:     cheibrodos_histonic, layout_basic
D:13:     layout_loops_cross, grunt_decor_junction, okawaru_gym_becter
D:14:     hellmonk_crumbling_castle, layout_long_grid, david_vaults_5,
          nicolae_qazlal_style_of_elements, special_room [special_room_bee],
          gauntlet_entry_generic, minmay_between, uniq_jorgrun, uniq_rupert
D:15:     grunt_enter_depths_giant_problem, layout_gridville,
          chequers_serial_rivers_small_3, minmay_misc_feat_roman
Temple:   kb_temple_of_zot
Lair:1:   layout_gridlike
Lair:2:   layout_chaotic_city, minmay_swamp_entry_eels, uniq_amaemon
Lair:3:   layout_roguey, nzn_sisyphean_effort
Lair:4:   layout_cave_pods, guppyfry_snake_entry_island,
          maelrawn_ghost_gauntlet_escape, beast_lair_carwin_9
Lair:5:   layout_misc_corridors, nicolae_slime_entry_slimehenge, minivault_23,
          lemuel_fruit_fields, infiniplex_staircase_pool_2, grunt_megastairs_5
Lair:6:   cheibrodos_lair_end_hotspot, layout_misc_corridors,
          guppyfry_lair_drakes, lemuel_fruit_tree, uniq_josephine
Swamp:1:  layout_basic_swamp, evilmike_swamp_ruin_rubble_1
Swamp:2:  nicolae_swamp_tree_isthmus, layout_basic_swamp,
          nicolae_swamp_ascending_descending
Swamp:3:  layout_basic_swamp, nicolae_swamp_little_swirl,
          nicolae_swamp_necromancer_hut
Snake:1:  layout_chambers
Snake:2:  nicolae_snake_unarmed_stairs_patrol, layout_grid_maze
Snake:3:  hangedman_cross_stitches, layout_layer_cave, st_stairs_9, uniq_vashnia
Orc:1:    cheibrodos_orc_arena, layout_diamond_mine,
          nicolae_volcano_entry_batcave, mines5_lemuel
Orc:2:    st_orc_rangers, layout_diamond_mine, mines2_david
Depths:1: minmay_the_grid_triangle_9x9_rhombus_thin
          [minmay_the_grid_triangle_9x9_skeleton,
          minmay_the_grid_triangle_9x9_prize_special,
          minmay_the_grid_triangle_9x9_intruding_spiral,
          minmay_the_grid_triangle_9x9_corrupted_corridor], layout_basic,
          enter_ziggurat_f, abyss_entry, hellmouth_1, minmay_tree_intersection,
          minmay_hollow_rounded_squares

Skill      XL: |  1  2  3  4  5  6  7  8  9 10 11 12 13 14 15 |
---------------+----------------------------------------------+-----
Stealth        | 3 4 5 |  5.0
Dodging        | 3 4 5 6 10 | 10.3
Fighting       | 1 2 3 5 6 7 8 9 10 | 10.5
Unarmed Combat | 1 2 |  2.9
Summonings     | 5 7 8 9 11 12 14 15 | 15.0
Air Magic      | 1 4 5 6 |  6.0
Spellcasting   | 3 4 5 7 |  7.2
Invocations    | 2 4 5 7 8 9 |  9.2
Evocations     | 3 5 6 |  6.6
Transmutations | 1 7 16 15 | 16.8
Earth Magic    | 1 5 7 9 |  9.4
Translocations | 8 10 | 10.0

Action                   |  1- 3 |  4- 6 |  7- 9 | 10-12 | 13-15 | 16-18 || total
-------------------------+-------+-------+-------+-------+-------+-------++-------
Melee: Unarmed           |    43 |    87 |   107 |    95 |   219 |       ||   551
       Punch             |     2 |     3 |     1 |     4 |     6 |       ||    16
       Bite              |     8 |    11 |     9 |    11 |    41 |       ||    80
 Cast: Summon Small Mamm |    12 |       |       |       |       |       ||    12
       Call Imp          |     9 |    18 |    36 |    28 |    18 |       ||   109
       Call Canine Famil |       |    11 |    57 |    73 |   104 |       ||   245
       Summon Lightning  |       |       |    33 |   112 |   315 |     4 ||   464
       Summon Forest     |       |       |       |       |   103 |     3 ||   106
       Statue Form       |       |       |       |       |    25 |       ||    25
       Teleport Other    |       |       |       |       |     2 |       ||     2
       Blink             |       |       |       |       |     1 |       ||     1
Evoke: Wand              |       |       |       |     3 |    29 |     1 ||    33
       Box of beasts     |       |       |       |       |     5 |     1 ||     6
       Tin of tremorston |       |       |       |       |     3 |       ||     3
       Lightning rod     |       |       |       |       |     9 |       ||     9
       Phial of floods   |       |       |       |       |     3 |       ||     3
       Condenser vane    |       |       |       |       |     3 |       ||     3
  Use: Scroll            |       |    12 |     8 |     7 |    11 |       ||    38
       Potion            |       |       |     2 |       |    15 |     1 ||    18
 Stab: Sleeping          |     8 |     6 |     4 |       |     2 |       ||    20
       Distracted        |     1 |     3 |     1 |     2 |     7 |       ||    14
       Paralysed         |       |       |       |       |     6 |       ||     6
Armor: Skin              |       |     1 |     7 |     5 |   118 |     5 ||   136
Dodge: Dodged            |    20 |    55 |   155 |   216 |   717 |    24 ||  1187

Table legend: (Time is in decaauts)
 A = Elapsed time spent in this place.
 B = Non-inter-level travel time spent in this place.
 C = Inter-level travel time spent in this place.
 D = Time resting spent in this place.
 E = Time spent auto-exploring this place.
 F = Levels seen in this place.
 G = Mean time per level.
                   A        B        C        D        E       F      G
               +--------+--------+--------+--------+--------+-----+--------+
         Total |  46821 |  44679 |   2142 |  14229 |  19842 |  33 | 1418.8 |
       Dungeon |  23132 |  21923 |   1209 |   6043 |  10422 |  15 | 1542.1 |
        Temple |    119 |     80 |     39 |      0 |     70 |   1 |  119.0 |
          Lair |  11317 |  10712 |    605 |   3560 |   4550 |   6 | 1886.2 |
         Swamp |   3891 |   3751 |    140 |   1322 |   1633 |   3 | 1297.0 |
     Snake Pit |   4614 |   4589 |     25 |   2356 |   1585 |   3 | 1538.0 |
  Orcish Mines |   2537 |   2417 |    120 |    483 |   1330 |   2 | 1268.5 |
        Depths |      9 |      9 |      0 |      0 |      0 |   1 |    9.0 |
       Volcano |    459 |    459 |      0 |      0 |    249 |   1 |  459.0 |
      Gauntlet |    740 |    740 |      0 |    463 |      0 |   1 |  740.0 |
               +--------+--------+--------+--------+--------+-----+--------+

Top non-repeatable levels by time:
  Lair:6: 2577 daAuts
 Snake:1: 2388 daAuts
  Lair:5: 2255 daAuts
  Lair:2: 2189 daAuts
 Snake:2: 2143 daAuts
     D:6: 2126 daAuts
     D:5: 2119 daAuts
    D:15: 2090 daAuts
    D:11: 1953 daAuts
    D:14: 1895 daAuts
    D:12: 1818 daAuts
     D:9: 1718 daAuts
 Swamp:3: 1708 daAuts
    D:10: 1573 daAuts
  Lair:4: 1509 daAuts
